 Dungeon Crawl Stone Soup version 0.20-a0-148-gb6cfb21 (webtiles) character file.

391 KristoblXynda the Covered (level 6, -4/49 (51) HPs)
             Began as a Minotaur Abyssal Knight on Nov 21, 2016.
             Was a Believer of Lugonu.
             Slain by an ogre
             ... wielding a +0 giant spiked club
              (16 damage)
             ... on level 4 of the Dungeon.
             The game lasted 00:03:05 (2149 turns).

KristoblXynda the Covered (Minotaur Abyssal Knight) Turns: 2149, Time: 00:03:06

HP:   -4/49 (51)    AC:  8    Str: 17    XL:     6   Next: 50%
MP:   7/7           EV: 12    Int: 10    God:    Lugonu [**....]
Gold: 181           SH:  0    Dex: 10    Spells: 5/5 levels left

rFire  . . .     SeeInvis .     a - +1 falchion
rCold  . . .     Gourm    .     v - +0 ring mail
rNeg   . . .     Faith    .     (no shield)
rPois  .         Spirit   .     (helmet restricted)
rElec  .         Reflect  .     o - +1 cloak
rCorr  .         Harm     .     (no gloves)
MR     .....                    (no boots)
Stlth  ..........               (no amulet)
                                (no ring)
                                (no ring)

@: no status effects
A: retaliatory headbutt, horns 2
a: Depart the Abyss, Bend Space, Renounce Religion


You were on level 4 of the Dungeon.
You worshipped Lugonu.
Lugonu was pleased with you.
You were not hungry.

You visited 1 branch of the dungeon, and saw 4 of its levels.
You visited the Abyss 1 time.

You collected 181 gold pieces.

Inventory:

Hand Weapons
 a - a +1 falchion (weapon)
Armour
 o - a +1 cloak (worn)
 v - a +0 ring mail (worn)
Scrolls
 d - 3 scrolls of enchant weapon {unknown}
 g - a scroll of teleportation {unknown}
 h - 5 scrolls of remove curse {unknown}
 i - 3 scrolls of identify {unknown}
 k - 2 scrolls of enchant armour {unknown}
 m - a scroll of blinking {unknown}
 n - a scroll of fog {unknown}
 r - a scroll of recharging {unknown}
Potions
 e - a potion of lignification {unknown}
 j - a potion of degeneration {unknown}
 l - 2 potions of mutation {unknown}
 p - a potion of curing {unknown}
 s - a potion of ambrosia {unknown}
 t - 2 potions of flight {unknown}
Books
 q - a book of Misfortune

   Spells                             Type                      Level
   a - Confusing Touch                Hexes                        1
   b - Confuse                        Hexes                        3
   c - Gell's Gravitas                Hexes/Translocation          3
   d - Petrify                        Transmutation/Earth          4
   e - Metabolic Englaciation         Hexes/Ice                    5
   f - Yara's Violent Unravelling     Hexes/Transmutation          5
Comestibles
 c - 2 bread rations
 f - 5 fruits
 u - 3 chunks of flesh


   Skills:
 - Level 3.6 Fighting
 + Level 4.4 Long Blades
 + Level 4.5 Armour
 + Level 3.9 Dodging
 + Level 3.8 Invocations


You had 5 spell levels left.
You didn't know any spells.

Dungeon Overview and Level Annotations

Branches:
Dungeon (4/15)
 Temple: D:4-7

Altars:


Innate Abilities, Weirdness & Mutations

You reflexively headbutt those who attack you in melee.
You have a pair of horns on your head.


Message History

The orc is heavily wounded.
The orc hits you but does no damage.
You closely miss the orc.
The orc is heavily wounded.
The orc hits you but does no damage.
You barely miss the orc. You headbutt the orc.
You kill the orc!
Lugonu accepts your kill.
You slash the orc!
You kill the orc!
Lugonu accepts your kill.
You hit the ogre.
The ogre is lightly wounded.
The ogre hits you with a giant spiked club!
* * * LOW HITPOINT WARNING * * *
You hit the ogre.
You headbutt the ogre, but do no damage.
The ogre is lightly wounded.
The ogre hits you with a giant spiked club!
You die...

#....# # #...>#
# #....#.#
#..#.#.#
#......###
####.........
#............
...#...........
...#.##@######.
.....##O##...#
.......o.....#
.....##.##.###
.... #$)..# ...
#.####
..........<....
####..#....####
...?..##...


You could see an ogre and an orc.

Vanquished Creatures
  Sigmund (D:3)
  A necrophage (D:3)
  A bullfrog (D:3)
  2 adders
  2 dart slugs
  A leopard gecko (D:2)
  5 orcs
  2 ball pythons (D:1)
  3 giant cockroaches
  4 goblins
  6 hobgoblins
  7 jackals
  7 kobolds
  6 bats
  A frilled lizard (D:1)
  5 rats
54 creatures vanquished.

Notes
Turn   | Place    | Note
-------+----------+-------------------------------------------
     0 | Abyss:1  | KristoblXynda the Minotaur Abyssal Knight began the quest for the Orb.
     0 | Abyss:1  | Reached XP level 1. HP: 19/19 MP: 1/1
    24 | Abyss:1  | Found a corrupted altar of Lugonu.
    41 | Abyss:1  | Noticed a large abomination
    42 | Abyss:1  | Noticed a smoke demon
    44 | D:1      | Escaped the Abyss
   232 | D:1      | Reached * piety under Lugonu
   245 | D:1      | Reached XP level 2. HP: 21/26 MP: 2/2
  1171 | D:2      | Reached XP level 3. HP: 31/31 MP: 3/3
  1656 | D:3      | Noticed Sigmund
  1669 | D:3      | Killed Sigmund
  1669 | D:3      | Reached ** piety under Lugonu
  1669 | D:3      | Reached XP level 4. HP: 24/39 MP: 3/5
  1669 | D:3      | Reached XP level 5. HP: 28/45 MP: 3/6
  1797 | D:3      | Reached XP level 6. HP: 47/51 MP: 7/7
  2149 | D:4      | Slain by an ogre

Vault maps used:
D:1:      dpeg_arrival_fog, minivault_14
D:3:      first_bread, uniq_sigmund
D:4:      tgw_trog, hangedman_decor_diamond_cutter, uniq_blork_the_orc

Skill      XL: |  1  2  3  4  5 |
---------------+----------------+-----
Invocations    | 2 3 |  3.8
Armour         | 3 4 |  4.5
Dodging        | 2 3 |  3.9
Long Blades    | 3 4 |  4.4
Fighting       | |  3.6

Action                   |  1- 3 |  4- 6 || total
-------------------------+-------+-------++-------
Melee: Falchion          |    77 |    38 ||   115
       Headbutt          |    14 |    11 ||    25
Invok: Depart the Abyss  |     1 |       ||     1
  Eat: Chunk             |     2 |     2 ||     4
Armor: Leather armour    |    22 |     6 ||    28
       Ring mail         |       |     2 ||     2
Dodge: Dodged            |    64 |    22 ||    86
       Rpst.: Falchion   |    17 |     3 ||    20
